 Dungeon Crawl Stone Soup version 0.19.5 (webtiles) character file.

3239 EvilAshe the Carver (level 9, -3/48 HPs)
             Began as a High Elf Skald on Apr 24, 2017.
             Was an Initiate of Hepliaklqana.
             Slain by a hornet (8 damage)
             ... while paralysed by a hornet
             ... on level 7 of the Dungeon.
             The game lasted 00:36:42 (12957 turns).

EvilAshe the Carver (High Elf Skald)               Turns: 12957, Time: 00:36:43

Health: -3/48      AC:  5    Str: 11    XL:     9   Next: 67%
Magic:  11/13      EV:  2    Int: 17    God:    Hepliaklqana [......]
Gold:   359        SH:  0    Dex: 18    Spells: 4 memorised, 4 levels left

rFire  . . .     SeeInvis .     a - +1 falchion
rCold  . . .     Gourm    .     b - +0 leather armour
rNeg   . . .     Faith    .     (no shield)
rPois  .         Spirit   .     p - +1 hat
rElec  .         Reflect  .     (no cloak)
rCorr  .         Harm     .     o - +0 pair of gloves
MR     .....                    (no boots)
Stlth  +.........               (no amulet)
                                y - ring of wizardry
                                s - ring of wizardry

@: paralysed, singing, slowed
A: reduced essence
a: Recall Ancestor, Ancestor Identity, Renounce Religion, Stop Singing


You were on level 7 of the Dungeon.
You worshipped Hepliaklqana.
Hepliaklqana was noncommittal.
You were not hungry.

You visited 2 branches of the dungeon, and saw 8 of its levels.

You collected 359 gold pieces.

Inventory:

Hand Weapons
 a - a +1 falchion (weapon)
Armour
 b - a +0 leather armour (worn)
 o - a +0 pair of gloves (worn)
 p - a +1 hat (worn)
Jewellery
 s - a ring of wizardry (left hand)
 y - a ring of wizardry (right hand)
Wands
 j - a wand of random effects (0/48)
 l - a wand of teleportation (2/9)
 m - a wand of disintegration (0/24)
 r - a wand of teleportation (5/9)
 v - a wand of flame (10/48)
Scrolls
 f - 5 scrolls of identify
 h - a scroll of enchant weapon
 i - 2 scrolls of fear {unknown}
 q - 2 scrolls of remove curse
 u - a scroll of immolation {unknown}
 w - a scroll of blinking {unknown}
Potions
 e - 4 potions of curing
 g - a potion of invisibility {unknown}
 n - a potion of flight {unknown}
 t - a potion of magic {unknown}
 z - a potion of heal wounds {unknown}
Books
 c - a book of Battle

   Spells                             Type                      Level
   a - Infusion                       Charms                       1
   b - Shroud of Golubria             Charms/Translocation         2
   c - Song of Slaying                Charms                       2
   d - Spectral Weapon                Hexes/Charms                 3
   e - Regeneration                   Charms/Necromancy            3
 x - a book of Misfortune

   Spells                             Type                      Level
   a - Confusing Touch                Hexes                        1
   b - Confuse                        Hexes                        3
   c - Gell's Gravitas                Hexes/Translocation          3
   d - Petrify                        Transmutation/Earth          4
   e - Metabolic Englaciation         Hexes/Ice                    5
   f - Yara's Violent Unravelling     Hexes/Transmutation          5
Comestibles
 d - 5 bread rations
 k - a meat ration
 A - a chunk of flesh


   Skills:
 + Level 2.2 Fighting
 * Level 11.6 Long Blades
 - Level 0.8 Armour
 + Level 7.4 Dodging
 - Level 2.4 Spellcasting
 + Level 9.0 Charms


You had 4 spell levels left.
You knew the following spells:

 Your Spells              Type           Power        Failure   Level  Hunger
a - Infusion              Chrm           ####         1%          1    #......
e - Regeneration          Chrm/Necr      ###.......   3%          3    ###....
g - Shroud of Golubria    Chrm/Tloc      ###.......   2%          2    ##.....
s - Song of Slaying       Chrm           ####....     1%          2    ##.....


Dungeon Overview and Level Annotations

Branches:
Dungeon (7/15)             Temple (1/1) D:7

Altars:
Ashenzari
Cheibriados
Elyvilon
Fedhas
Hepliaklqana
Kikubaaqudgha
Makhleb
Nemelex Xobeh
Ru
Sif Muna
Xom
Yredelemnul

Shops:
D:5 =[%:(

Annotations:
D:3 Sanvar's ghost, amateur OgHu


Message History

The hornet is lightly wounded.
You feel sick. The hornet stings you!
You feel yourself slow down.
Your shroud falls apart!
Demetirus completely misses the hornet.
You feel better.
You feel yourself speed up. The hornet misses you.
You riposte.
You barely miss the hornet.
The hornet is lightly wounded.
The hornet stings you.
You suddenly lose the ability to move!
Demetirus closely misses the hornet.
The hornet stings you!
* * * LOW HITPOINT WARNING * * *
You shrug off the repeated paralysis!
The jackal skeleton bites you but does no damage.
Demetirus hits the hornet.
The hornet stings you.
* * * LOW HITPOINT WARNING * * *
You feel yourself slow down.
The jackal skeleton bites you but does no damage.
The hornet stings you!
You die...

...... #.# #......#.
..........##.# #........
#................##.# #...(....
#................##.# #........
#................##.########...
#................##.#..........
#................##.#......#...
#.............yZ.##.#......#...
#............R@..##.#......#...
#............†...##.#......#...
#........#'#........#....†.#...
#........#.#.########......#...
###........#.#.# #......####
...........#.#.# ##.##### ##
..........(#.#.# #.# #.
...........#)#.# #.# #.
.............#.# ###'#######.


You could see the friendly Demetirus the ancestor, a hornet and a jackal
skeleton.

Vanquished Creatures
  The ghost of EvilAshe the Charmwright, an amateur HESk of Uskayaw (D:5)
  A water moccasin (D:7)
  A sky beast (D:4)
  A black bear (D:6)
  An ice beast (D:7)
  3 phantoms (D:4)
  4 necrophages
  4 ogres
  A centaur (D:7)
  A big kobold (D:7)
  A bullfrog (D:6)
  A water moccasin skeleton (D:6)
  2 scorpions
  A howler monkey (D:7)
  2 wights
  A bullfrog zombie (D:7)
  A centaur zombie (D:7)
  A hound (D:4)
  2 orc priests (D:5)
  A jelly (D:5)
  2 bullfrog skeletons
  A gnoll shaman (D:5)
  5 orc wizards
  A centaur skeleton (D:5)
  Jessica (D:2)
  2 iguanas (D:6)
  8 worker ants
  A hound skeleton (D:5)
  A worker ant zombie (D:5)
  7 gnolls (D:5)
  9 adders
  A shadow imp (D:5)
  An adder zombie (D:5)
  2 dart slugs
  3 leopard geckos
  18 orcs
  3 giant cockroaches
  7 goblins
  8 hobgoblins
  10 kobolds
  2 ball pythons (D:5)
  7 bats
  9 frilled lizards
  2 leopard gecko skeletons
  6 quokka skeletons
  A rat (D:3)
149 creatures vanquished.

Vanquished Creatures (collateral kills)
  An orc warrior (D:7)
  A sky beast (D:7)
  A bullfrog (D:7)
  A scorpion (D:7)
  A howler monkey (D:7)
  An orc (D:7)
6 creatures vanquished.

Vanquished Creatures (others)
  An ancestor (D:7)
1 creature vanquished.

Grand Total: 156 creatures vanquished

Notes
Turn   | Place    | Note
-------+----------+-------------------------------------------
     0 | D:1      | EvilAshe the High Elf Skald began the quest for the Orb.
     0 | D:1      | Reached XP level 1. HP: 14/14 MP: 4/4
   118 | D:1      | Reached XP level 2. HP: 11/19 MP: 1/6
   441 | D:1      | Learned a level 2 spell: Song of Slaying
   444 | D:1      | Learned a level 2 spell: Shroud of Golubria
   677 | D:1      | Reached skill level 3 in Long Blades
  1083 | D:2      | Reached XP level 3. HP: 19/24 MP: 4/7
  1543 | D:2      | Found a basalt altar of Yredelemnul.
  1543 | D:2      | Noticed Jessica
  1552 | D:2      | Killed Jessica
  1552 | D:2      | Reached XP level 4. HP: 23/29 MP: 6/8
  1655 | D:3      | Found a shimmering altar of Xom.
  1892 | D:3      | Reached skill level 4 in Long Blades
  2165 | D:3      | Found an ancient bone altar of Kikubaaqudgha.
  2210 | D:3      | Noticed Sanvar's ghost (amateur OgHu)
  2579 | D:4      | Noticed a phantom
  3319 | D:4      | Noticed a sky beast
  3494 | D:5      | Entered Level 5 of the Dungeon
  3505 | D:5      | Noticed a phantom
  3513 | D:4      | Reached XP level 5. HP: 34/34 MP: 9/9
  3678 | D:4      | Killed a sky beast
  3678 | D:4      | Reached skill level 5 in Long Blades
  3678 | D:4      | Reached skill level 5 in Charms
  3678 | D:4      | Reached XP level 6. HP: 15/39 MP: 10/10
  4031 | D:5      | Found a sparkling altar of Nemelex Xobeh.
  4046 | D:5      | Reached skill level 6 in Long Blades
  4342 | D:4      | Reached XP level 7. HP: 43/45 MP: 11/11
  4461 | D:5      | Noticed EvilAshe's ghost (amateur HESk)
  5069 | D:4      | Reached skill level 7 in Long Blades
  6265 | D:5      | Found Zuutolu's Jewellery Shoppe.
  6463 | D:5      | Found Nevoetir's Armour Boutique.
  6679 | D:5      | Found Saxeul Jesi's Book Emporium.
  6729 | D:5      | Reached skill level 8 in Long Blades
  6729 | D:5      | Reached skill level 5 in Dodging
  6920 | D:5      | Found a sacrificial altar of Ru.
  7349 | D:5      | Reached XP level 8. HP: 42/50 MP: 10/12
  8598 | D:5      | Found a shattered altar of Ashenzari.
  8604 | D:5      | Found Zuafint's Antique Weapon Emporium.
  8691 | D:5      | Killed EvilAshe's ghost
  8691 | D:5      | Reached skill level 9 in Long Blades
  8754 | D:5      | Learned a level 3 spell: Regeneration
  8815 | D:5      | Found Yleuline's Food Emporium.
  9812 | D:5      | Reached skill level 10 in Long Blades
 10061 | D:6      | HP: 2/50 [orc warrior/hand axe (13)]
 10521 | D:6      | Found a white marble altar of Elyvilon.
 10769 | D:6      | Reached XP level 9. HP: 52/53 MP: 10/13
 11785 | D:7      | Found a staircase to the Ecumenical Temple.
 11805 | Temple   | Entered the Ecumenical Temple
 11857 | Temple   | Became a worshipper of Hepliaklqana the Forgotten
 11892 | D:7      | Reached skill level 11 in Long Blades
 12955 | D:7      | Paralysed by a hornet for 3 turns
 12957 | D:7      | Slain by a hornet

Skill      XL: |  1  2  3  4  5  6  7  8  9 |
---------------+----------------------------+-----
Long Blades    | 3 4 5 6 8 10 11 | 11.6
Dodging        | 2 3 4 5 6 7 |  7.4
Charms         | 4 5 6 7 9 |  9.0
Fighting       | |  2.2
Armour         | |  0.8
Spellcasting   | |  2.4

Action                   |  1- 3 |  4- 6 |  7- 9 || total
-------------------------+-------+-------+-------++-------
Melee: Falchion          |    76 |   187 |   723 ||   986
 Cast: Infusion          |     6 |     2 |       ||     8
       Shroud of Golubri |     7 |    18 |    79 ||   104
       Song of Slaying   |       |     1 |     9 ||    10
       Regeneration      |       |       |     1 ||     1
Evoke: Wand              |       |     7 |    12 ||    19
  Use: Scroll            |       |     3 |     3 ||     6
       Potion            |       |       |     1 ||     1
 Stab: Sleeping          |       |     2 |     1 ||     3
       Distracted        |       |       |     2 ||     2
  Eat: Chunk             |     2 |     7 |    14 ||    23
       Beef jerky        |       |     1 |     2 ||     3
       Royal jelly       |       |     1 |       ||     1
       Meat ration       |       |       |     3 ||     3
       Pizza             |       |       |     2 ||     2
Armor: Leather armour    |    25 |    34 |    97 ||   156
Dodge: Dodged            |    47 |   115 |   462 ||   624
       Rpst.: Falchion   |    15 |    25 |   139 ||   179
